 Dungeon Crawl Stone Soup version 0.29.1-15-g9cfb28693d (webtiles) character file.

Game seed: 12386721928357716048

429 soepkip the Chopper (level 6, -3/53 HPs)
             Began as a Hill Orc Monk on Mar 14, 2023.
             Slain by an iguana (7 damage)
             ... on level 3 of the Dungeon.
             The game lasted 01:26:56 (5086 turns).

soepkip the Chopper (Hill Orc Monk)                 Turns: 5086, Time: 01:26:57

Health: -3/53      AC: 13    Str: 16    XL:     6   Next: 98%
Magic:  6/6        EV:  7    Int: 10    God:
Gold:   63         SH:  0    Dex: 13    Spells: 5/5 levels left

rFire   . . .      SeeInvis .   a - +0 war axe
rCold   + . .      Faith    .   (no shield)
rNeg    . . .      Spirit   .   E - +0 chain mail
rPois   .          Reflect  .   A - +0 helmet
rElec   .          Harm     .   (no cloak)
rCorr   .          Rampage  .   (no gloves)
Will    .....                   x - +2 pair of boots {Fly}
Stlth   ..........              (no amulet)
HPRegen 0.17/turn               C - ring of wizardry
MPRegen 0.10/turn               D - ring of protection from cold

@: lethally poisoned (-3 -> -5), flying
A: no striking features
a: Convert to Beogh


You were on level 3 of the Dungeon.
You visited 1 branch of the dungeon, and saw 4 of its levels.
You also visited: Sewer.

You collected 213 gold pieces.
You spent 150 gold pieces at shops.

Inventory:

Hand Weapons
 a - a +0 war axe (weapon)
 b - a +0 whip
 k - a +0 short sword of holy wrath
 z - a +1 sling of freezing
Missiles
 j - 30 stones
 w - 16 poisoned darts (quivered)
Armour
 x - a +2 pair of boots of flying (worn)
 A - a +0 helmet (worn)
 E - a +0 chain mail (worn)
Jewellery
 C - a ring of wizardry (left hand)
 D - a ring of protection from cold (right hand)
Wands
 c - a wand of iceblast (18)
Scrolls
 d - 3 scrolls of magic mapping {unknown}
 e - 6 scrolls of identify
 f - a scroll of amnesia {unknown}
 g - 2 scrolls of fog {unknown}
 h - 2 scrolls of blinking {unknown}
 i - a scroll of fear {unknown}
 m - a scroll of immolation {unknown}
 q - 2 scrolls of noise
 s - a scroll of brand weapon {unknown}
 t - a scroll of teleportation {unknown}
 u - a scroll of poison {unknown}
 B - 2 scrolls of enchant armour {unknown}
Potions
 l - 2 potions of curing
 n - 2 potions of magic {unknown}
 o - a potion of brilliance
 p - 7 potions of flight
 r - a potion of mutation
 v - a potion of attraction


   Skills:
 * Level 4.7 Fighting
 + Level 7.5 Axes
 + Level 0.3 Throwing
 + Level 3.3 Armour
 + Level 3.0 Dodging
 + Level 2.0 Stealth


You had 5 spell levels left.
You didn't know any spells.
Your spell library contained the following spells:

 Spells                   Type           Power      Damage    Failure   Level
 Hailstorm                Conj/Ice       0%         3d3       100%        4
 Ice Form                 Ice/Tmut       0%         N/A       100%        4
 Simulacrum               Ice/Necr       0%         N/A       100%        6


Dungeon Overview and Level Annotations

Branches:
Dungeon (4/15)              Sewer (visited)
 Temple: D:4-7

Altars:

Shops:
D:1 [


Message History

You kill the adder!
You closely miss the adder. The adder bites you but does no damage.
You hit the goblin but do no damage.
The orc priest shouts, "Beogh is our master!
Accept the truth or die!"
You hit the adder. The adder barely misses you.
The goblin completely misses you. The adder bites you but does no damage.
You slash the adder!
You kill the adder!
You hit the goblin. You closely miss the scorpion. The scorpion stings you.
You are poisoned.
The scorpion poisons you! The goblin hits you but does no damage.
The scorpion stings you but does no damage.
You hit the scorpion.
The scorpion is moderately wounded.
You barely miss the iguana. You hit the iguana but do no damage.
You hit the goblin.
You feel very sick. The goblin hits you but does no damage.
The orc priest looks satisfied for a moment.
The iguana bites you but does no damage.
The iguana barely misses you. The scorpion stings you.
You hit the scorpion but do no damage.
The scorpion is moderately wounded.
You closely miss the goblin. You hit the iguana but do no damage.
The orc priest shouts, "Surrender to Beogh and we'll let you live!"
You slash the iguana!
You feel sick. The goblin hits you but does no damage. The iguana bites you.
The iguana bites you!
The scorpion stings you but does no damage.
You feel sick.
The scorpion stings you but does no damage.
The goblin barely misses you. The iguana bites you!
* * * LOW HITPOINT WARNING * * *
The orc priest hits you but does no damage.
The iguana barely misses you.
You fly upwards.
* * * LOW HITPOINT WARNING * * *
You feel sick.
There is a stone staircase leading down here.
The iguana attacks as you move away! The iguana bites you!
You die...

###.....♣ #...P..♣~
###############.#PP..~♣
#...............P..♣~~~ ###
#..........####.P..~~~~ ..#
#....<.....# #♣...♣~♣~ ..#
#####).##### #P.....~P
).####### #s.# ####P....
#.......#### ##g@#######
##.##..
#######....###.lol#....#
##...... ####.....##.#.####
#....##. #####.##.#.#
##..####. ######
#...#.#.#####..## #. #....#
#.#.#...##.....# #.
#....###.#....###.....# ##.
#.........##..#....#######..
#....###.................#.P


You could see a scorpion, 2 iguanas, an orc priest and a goblin.

Vanquished Creatures
  An ogre (D:4)
  A jelly (D:4)
  Robin (D:4)
  2 river rats (Sewer)
  16 adders
  An ufetubus (D:4)
  4 worms
  A dart slug (D:1)
  10 bats
  8 endoplasms
  6 giant cockroaches
  15 goblins
  8 hobgoblins
  6 jackals
  12 quokkas
  15 ball pythons
  3 frilled lizards
  9 kobolds
  6 rats
125 creatures vanquished.

Vanquished Creatures (others)
  4 plants (D:3)
4 creatures vanquished.

Grand Total: 129 creatures vanquished

Notes
Turn   | Place    | Note
-------+----------+-------------------------------------------
     0 | D:1      | soepkip the Hill Orc Monk began the quest for the Orb.
     0 | D:1      | Reached XP level 1. HP: 19/19 MP: 1/1
   252 | D:1      | Reached XP level 2. HP: 25/27 MP: 2/2
   525 | D:1      | Reached XP level 3. HP: 33/33 MP: 3/3
   903 | D:1      | Found Alitih's Antique Armour Emporium.
  1107 | D:2      | Reached skill level 5 in Axes
  1230 | D:2      | Reached skill level 1 in Armour
  1369 | D:2      | Reached XP level 4. HP: 35/40 MP: 4/4
  1944 | D:3      | Found a glowing drain.
  1968 | Sewer    | Entered a sewer
  2478 | Sewer    | Reached XP level 5. HP: 46/46 MP: 5/5
  2683 | Sewer    | HP: 1/46 [poisoned by an adder]
  3204 | D:3      | Reached skill level 6 in Axes
  3545 | D:3      | Reached XP level 6. HP: 45/53 MP: 6/6
  4044 | D:1      | Bought a pair of glowing boots for 150 gold pieces
  4129 | D:4      | Noticed Robin
  4155 | D:4      | Killed Robin
  4499 | D:4      | Reached skill level 7 in Axes
  5086 | D:3      | Slain by an iguana

Illustrated notes

Levels and vault maps discovered:
D:1:      erik_arrival_triangle_huge, layout_loops_cross, serial_shops,
          nicolae_shop_hallway_stairs, dreamdust_wishing_well
D:2:      layout_rooms
D:3:      layout_rooms, gup_sewer_entry_pipe, serial_bayou, serial_bayou_pond_b,
          serial_bayou_crossing, serial_bayou_pond_d, serial_bayou_pond_a,
          serial_bayou_pond_d
D:4:      minmay_polygon_palace, layout_basic, roderic_lattice_a,
          chequers_serial_rivers_marsh, minmay_misc_feat_tiny, uniq_robin,
          uniq_blork_the_orc

Skill      XL: |  1  2  3  4  5  6 |
---------------+-------------------+-----
Fighting       | 4 |  4.7
Axes           | 5 6 7 |  7.5
Armour         | 1 2 3 |  3.3
Dodging        | 3 |  3.0
Stealth        | 2 |  2.0
Throwing       | |  0.3

Action                   |  1- 3 |  4- 6 || total
-------------------------+-------+-------++-------
Melee: Hand axe          |   110 |       ||   110
       Punch             |     1 |     3 ||     4
       War axe           |    16 |   291 ||   307
Throw: Stone             |     7 |    11 ||    18
       Dart              |       |     3 ||     3
  Use: Scroll            |       |     5 ||     5
       Potion            |       |     1 ||     1
 Stab: Sleeping          |     1 |     1 ||     2
       Distracted        |       |     1 ||     1
Armor: Leather armour    |     3 |       ||     3
       Ring mail         |    31 |   171 ||   202
       Chain mail        |       |    19 ||    19
Dodge: Dodged            |    67 |   258 ||   325
